 Dungeon Crawl Stone Soup version 0.18-a0-993-g4a3b7c7 (webtiles) character file.

6212 tof the Blocker (level 10, -7/84 HPs)
             Began as a Minotaur Fighter on Jan 4, 2016.
             Was a Believer of Ru.
             Mangled by an orc warrior
             ... wielding a cursed +0 scimitar
              (13 damage)
             ... on level 10 of the Dungeon.
             The game lasted 00:25:59 (8624 turns).

tof the Blocker (Minotaur Fighter)                  Turns: 8624, Time: 00:25:59

Health: -7/84      AC: 11    Str: 22    XL:     10   Next: 61%
Magic:  9/9        EV: 16    Int:  5    God:    Ru [**....]
Gold:   491        SH:  0    Dex: 12    Spells: 0 memorised, 9 levels left

rFire  + . .     SeeInvis .     b - +1 battleaxe (elec)
rCold  . . .     Gourm    .     C - +2 ring mail {rF+}
rNeg   . . .     Faith    .     (shield currently unavailable)
rPois  .         Spirit   .     (helmet restricted)
rElec  .         Dismiss  .     (no cloak)
rCorr  .         Reflect  .     w - +0 pair of gloves
SustAt .         Harm     .     (no boots)
MR     .....                    (no amulet)
Stlth  ++........               (no ring)
                                N - +3 ring of evasion

@: no potions, no scrolls, not resistant to hostile enchantments, unstealthy
A: retaliatory headbutt, horns 2, icy blue scales 1, inability to drink while
threatened, inability to read while threatened
a: Renounce Religion


You were on level 10 of the Dungeon.
You worshipped Ru.
Ru was pleased with you.
You were hungry.

You visited 2 branches of the dungeon, and saw 11 of its levels.

You collected 491 gold pieces.

Inventory:

Hand Weapons
 a - the +11 dagger of Truth {pierce, MR+ Int+3}
   (You found it on level 6 of the Dungeon)

   It inflicts extra damage upon your enemies.
   It affects your intelligence (+3).
   It affects your resistance to hostile enchantments.
 b - a +1 battleaxe of electrocution (weapon)
 l - a +2 spear of piercing
 v - a +1 flail of protection
 D - a +0 war axe
 H - a +2 war axe of freezing
 P - a +2 war axe of chopping
Missiles
 o - 2 javelins of returning (quivered)
Armour
 n - a +0 large shield
 w - a +0 pair of gloves (worn)
 C - a +2 ring mail of fire resistance (worn)
Rods
 O - a +0 rod of inaccuracy (13/13)
   (You found it on level 9 of the Dungeon)
Jewellery
 N - a +3 ring of evasion (left hand)
Wands
 f - a wand of enslavement (15/24)
 M - a wand of teleportation (1/9)
Scrolls
 m - 2 scrolls of remove curse
 p - 2 scrolls of recharging {unknown}
 u - 3 scrolls of random uselessness {unknown}
 x - a scroll of noise {unknown}
 y - 2 scrolls of identify {unknown}
 F - a scroll of teleportation {unknown}
 G - 3 scrolls of enchant armour {unknown}
 J - a scroll of amnesia {unknown}
Potions
 c - a potion of magic {unknown}
 d - 2 potions of might
 e - a potion of resistance {unknown}
 g - 4 potions of brilliance {unknown}
 h - 3 potions of haste {unknown}
 i - 2 potions of invisibility {unknown}
 j - a potion of agility {unknown}
 k - 3 potions of curing {unknown}
 q - 2 potions of poison {unknown}
 s - 3 potions of cure mutation {unknown}
 t - a potion of degeneration {unknown}
 A - 2 potions of flight {unknown}
 Q - a potion of mutation {unknown}
Books
 z - a book of Transfigurations

   Spells                             Type                      Level
   a - Stoneskin                      Transmutation/Earth          2
   b - Irradiate                      Conjuration/Transmutation    5
   c - Statue Form                    Transmutation/Earth          6
   d - Hydra Form                     Transmutation                6
   e - Dragon Form                    Transmutation                7
 E - a book of Battle

   Spells                             Type                      Level
   a - Infusion                       Charms                       1
   b - Shroud of Golubria             Charms/Translocation         2
   c - Song of Slaying                Charms                       2
   d - Spectral Weapon                Hexes/Charms                 3
   e - Regeneration                   Charms/Necromancy            3
Comestibles
 r - 2 royal jellies
 B - 4 bread rations
 I - 3 meat rations
 K - 6 fruits


   Skills:
 + Level 6.8 Fighting
 + Level 3.7 Short Blades
 * Level 7.8(8.1) Axes
 + Level 3.4(6.0) Polearms
 + Level 0.8 Throwing
 + Level 7.5 Armour
 + Level 5.6 Dodging
 * Level 4.0 Stealth
 * Level 12.0 Shields


You had 9 spell levels left.
You didn't know any spells.

Dungeon Overview and Level Annotations

Branches:
Dungeon (10/15)            Temple (1/1) D:4
   Lair: D:8-11         Orc: D:9-12

Altars:
Ashenzari
Dithmenos
Elyvilon
Fedhas
Gozag
Kikubaaqudgha
Makhleb
Nemelex Xobeh
Okawaru
Pakellas
Qazlal
Ru
Sif Muna
Trog
Vehumet
Xom
Yredelemnul
Zin
The Shining One

Shops:
D:6 (   D:8 [

Annotations:
D:9 nublet's ghost, novice CeGl


Innate Abilities, Weirdness & Mutations

You reflexively headbutt those who attack you in melee.
You have a pair of horns on your head.
You cannot drink potions while threatened.
You cannot read scrolls while threatened.
You are partially covered in icy blue scales (AC +1).


Message History

You closely miss the orc warrior.
The orc warrior is heavily wounded.
The orc warrior barely misses you. You furiously retaliate!
You headbutt the orc warrior. You completely miss the orc warrior.
Your headbutt misses the orc warrior.
The orc warrior is heavily wounded.
The orc warrior closely misses you.
You barely miss the orc warrior.
The orc warrior is heavily wounded.
The orc warrior hits you with a scimitar!
You feel threatened and lose the ability to drink potions!
* * * LOW HITPOINT WARNING * * *
The orc warrior barely misses you.
Unknown command.
Your ring mail prevents you from hitting the orc warrior.
Your headbutt misses the orc warrior.
The orc warrior is heavily wounded.
The orc warrior hits you with a scimitar!
You feel threatened and lose the ability to read scrolls!
You die...

..# #...# ### #...# #
#>..# ######...#
<...#....#######
###.#.##.##....# #
###...##....##.# .####
#...#.########.###......
#.###.# #.....@).>#
#.###.# #.#...o).....#
#.....# # #..####.....
####### #..# #... ####
.. .


You could see an orc warrior.

Vanquished Creatures
  The ghost of kroki the Cleaver, a novice DEBe of Trog (D:10)
  Pikel (D:5)
  A troll (D:9)
  Eustachio (D:5)
  3 yaks (D:9)
  2 hippogriffs
  2 humans (D:7)
  Menkaure (D:5)
  A water moccasin (D:9)
  2 orc warriors
  A sky beast (D:9)
  A necrophage (D:9)
  A black bear (D:7)
  4 ice beasts
  4 ogres
  3 centaurs
  A big kobold (D:8)
  3 giant frogs (D:7)
  A wyvern zombie (D:9)
  8 killer bees
  8 wights
  2 crimson imps
  2 centaur zombies
  A wasp zombie (D:9)
  A hound (D:7)
  2 jellies
  3 orc priests
  3 centaur skeletons
  2 giant frog skeletons
  Terence (D:3)
  4 iguanas
  12 orc wizards
  7 worker ants
  A worker ant zombie (D:8)
  3 gnolls (D:2)
  7 adders
  A shadow imp (D:9)
  An ooze (D:2)
  4 adder skeletons
  4 worms
  5 giant geckos
  35 orcs
  5 giant cockroaches
  A goblin (D:1)
  8 hobgoblins
  11 jackals
  5 quokkas
  2 bats
  2 giant newts
  15 kobolds
  5 rats
205 creatures vanquished.

Notes
Turn   | Place    | Note
--------------------------------------------------------------
     0 | D:1      | tof the Minotaur Fighter began the quest for the Orb.
     0 | D:1      | Reached XP level 1. HP: 19/19 MP: 0/0
   119 | D:1      | Reached XP level 2. HP: 22/27 MP: 1/1
   125 | D:1      | Reached skill level 4 in Fighting
   546 | D:1      | Reached XP level 3. HP: 29/33 MP: 2/2
   785 | D:2      | Found a shattered altar of Ashenzari.
   817 | D:2      | Found a sparkling altar of Nemelex Xobeh.
   829 | D:2      | Reached skill level 1 in Polearms
  1105 | D:2      | Reached XP level 4. HP: 38/40 MP: 3/3
  1444 | D:3      | Noticed an orc warrior
  1447 | D:3      | Noticed Terence
  1524 | D:3      | You fall through a shaft!
  1821 | D:4      | Reached XP level 5. HP: 47/47 MP: 4/4
  1861 | D:4      | Reached skill level 5 in Armour
  1874 | D:4      | Reached skill level 1 in Dodging
  1874 | D:4      | Reached skill level 5 in Shields
  2130 | D:3      | Killed Terence
  2234 | D:3      | Reached XP level 6. HP: 53/53 MP: 5/5
  2458 | D:3      | Killed an orc warrior
  2718 | D:4      | Reached skill level 6 in Shields
  2808 | D:4      | Reached XP level 7. HP: 38/60 MP: 6/6
  3258 | D:4      | Found a staircase to the Ecumenical Temple.
  3265 | Temple   | Entered the Ecumenical Temple
  3379 | Temple   | Became a worshipper of Ru the Awakened
  3439 | D:5      | Entered Level 5 of the Dungeon
  3540 | D:5      | Noticed Menkaure
  3546 | D:5      | Killed Menkaure
  3694 | D:5      | Noticed Eustachio
  3728 | D:5      | Killed Eustachio
  3790 | D:5      | Reached skill level 7 in Shields
  3882 | D:5      | Noticed Pikel
  3891 | D:5      | Killed Pikel
  3891 | D:5      | Reached skill level 5 in Fighting
  3891 | D:5      | Reached XP level 8. HP: 65/68 MP: 7/7
  3994 | D:5      | Found a sparkling altar of Nemelex Xobeh.
  4208 | D:6      | Found Deciut's Antique Weapon Shoppe.
  4483 | D:7      | Reached skill level 8 in Shields
  4683 | D:6      | Got a jewelled dagger
  4684 | D:6      | Identified the +11 dagger of Truth {pierce, MR+ Int+3} (You found it on level 6 of the Dungeon)
  4879 | D:6      | Reached skill level 1 in Stealth
  5081 | D:7      | Reached skill level 9 in Shields
  5081 | D:7      | Reached XP level 9. HP: 63/74 MP: 8/8
  5101 | D:7      | Gained mutation: You cannot read scrolls while threatened. [Ru sacrifice]
  5101 | D:7      | Reached * piety under Ru
  5215 | D:7      | Found a stormy altar of Qazlal.
  5255 | D:7      | Reached skill level 1 in Short Blades
  5321 | D:7      | Found an iron altar of Okawaru.
  5517 | D:7      | Reached skill level 10 in Shields
  5756 | D:7      | Found a basalt altar of Yredelemnul.
  6350 | D:8      | Found Oroatuef's Antique Armour Emporium.
  6892 | D:8      | Reached skill level 11 in Shields
  7001 | D:8      | Reached XP level 10. HP: 81/83 MP: 9/9
  7403 | D:9      | Reached skill level 5 in Dodging
  7404 | D:9      | Found a glowing silver altar of Zin.
  7427 | D:9      | Gained mutation: You cannot drink potions while threatened. [Ru sacrifice]
  7427 | D:9      | Reached ** piety under Ru
  7445 | D:9      | Identified a +0 rod of inaccuracy (13/13) (You found it on level 9 of the Dungeon)
  7514 | D:9      | Found a shimmering altar of Xom.
  7803 | D:9      | Noticed nublet's ghost (novice CeGl)
  7986 | D:9      | Gained mutation: You are partially covered in icy blue scales (AC +1). [mutagenic meat]
  8551 | D:10     | Entered Level 10 of the Dungeon
  8599 | D:10     | Noticed kroki's ghost (novice DEBe)
  8619 | D:10     | Killed kroki's ghost
  8619 | D:10     | Reached skill level 12 in Shields
  8624 | D:10     | Mangled by an orc warrior

Vault maps used:
D:1:      tarquinn_simple_flora_water_a, serial_glass, glass_columns_a,
          glass_columns_c
D:2:      lemuel_doored_altar, first_bread, nemelex_xobeh_ov_fountains_minmay
D:3:      uniq_terence
D:4:      minmay_temple_entry_enclosed_plants
D:5:      marbit_many_paths, uniq_eustachio, uniq_pikel, uniq_menkaure
D:6:      serial_shops, shop_statue
D:7:      okawaru_humans, old_standard_altar, kennysheep_little_box
D:8:      serial_shops, shop
D:9:      kennysheep_mini, nicolae_overflow_crystal_walls,
          nicolae_overflow_hidden_temple
D:10:     orc_0_dummy
Temple:   circular_temple_12

Action                   |  1- 3 |  4- 6 |  7- 9 | 10-12 || total
-------------------------+-------+-------+-------+-------++-------
Melee: War axe           |    27 |    12 |    92 |       ||   131
       Spear             |    67 |    97 |       |       ||   164
       Dagger            |       |       |   195 |    54 ||   249
       Battleaxe         |       |       |       |    65 ||    65
Throw: Javelin           |       |       |     2 |       ||     2
Invok: Sacrifice Words   |       |       |     1 |       ||     1
       Sacrifice Drink   |       |       |       |     1 ||     1
  Use: Scroll            |       |       |     1 |       ||     1
  Eat: Chunk             |     1 |     1 |     7 |     6 ||    15
       Bread ration      |       |     1 |     1 |       ||     2
       Beef jerky        |       |       |     1 |       ||     1
